 Dungeon Crawl Stone Soup version 0.22-a0-252-gcace5d2 (webtiles) character file.

207 mhoghedin the Charmwright (level 6, -1/41 HPs)
             Began as a Halfling Skald on Mar 1, 2018.
             Was a Follower of Nemelex Xobeh.
             Slain by Grinder (4 damage)
             ... on level 4 of the Dungeon.
             The game lasted 00:08:33 (3239 turns).

mhoghedin the Charmwright (Halfling Skald)          Turns: 3239, Time: 00:08:34

Health: -1/41      AC:  4    Str: 14    XL:     6   Next: 11%
Magic:  8/8        EV: 16    Int: 11    God:    Nemelex Xobeh [*.....]
Gold:   122        SH:  0    Dex: 16    Spells: 3/8 levels left

rFire    . . .     SeeInvis +   f - +3 short sword (venom)
rCold    . . .     Gourm    .   (shield restricted)
rNeg     . . .     Faith    .   b - +0 leather armour
rPois    .         Spirit   .   (no helmet)
rElec    .         Reflect  .   t - +0 cloak
rCorr    .         Harm     +   (no gloves)
MR       .....                  (no boots)
Stlth    +.........             e - amulet of harm
HPRegen  0.13/turn              l - +2 ring of dexterity
MPRegen  0.11/turn              i - ring of see invisible {sInv, !d}

@: no status effects
A: small, mutation resistance 1
a: Renounce Religion


You were on level 4 of the Dungeon.
You worshipped Nemelex Xobeh.
Nemelex Xobeh was aware of your devotion.
You were not hungry.

You visited 1 branch of the dungeon, and saw 4 of its levels.

You collected 122 gold pieces.

Inventory:

Hand Weapons
 a - a +0 falchion
 f - a +3 short sword of venom (weapon)
   (You found it on level 1 of the Dungeon)
Missiles
 h - a throwing net {=f, !d}
 q - 8 curare-tipped needles
Armour
 b - a +0 leather armour (worn)
 t - a +0 cloak (worn)
   (You took it off Crazy Yiuf on level 3 of the Dungeon)
Jewellery
 e - an amulet of harm (around neck)
   (You found it on level 1 of the Dungeon)
 i - a ring of see invisible (right hand) {sInv, !d}
   (You found it on level 1 of the Dungeon)
 l - a +2 ring of dexterity (left hand)
   (You found it on level 3 of the Dungeon)
Scrolls
 g - 2 scrolls of amnesia
 x - a scroll of remove curse
Potions
 j - 2 potions of heal wounds
 m - a potion of curing
 n - a potion of agility
 v - a potion of magic {unknown}
 w - a potion of might {unknown}
Comestibles
 d - 7 rations


   Skills:
 + Level 2.8 Fighting
 + Level 3.2 Long Blades
 + Level 2.8 Armour
 + Level 3.4 Dodging
 - Level 1.5 Spellcasting
 - Level 3.9 Charms
 - Level 1.0 Translocations
 + Level 0.0 Invocations


You had 3 spell levels left.
You knew the following spells:

 Your Spells              Type           Power        Failure   Level  Hunger
a - Infusion              Chrm           #...         8%          1    ##.....
s - Shroud of Golubria    Chrm/Tloc      #.........   21%         2    ###....
S - Song of Slaying       Chrm           #.......     12%         2    ###....


Dungeon Overview and Level Annotations

Branches:
Dungeon (4/15)             Temple (0/1) D:4

Altars:
Fedhas
Nemelex Xobeh
Zin

Annotations:
D:4 Grinder; KristoblXynda's ghost, amateur DrGl


Innate Abilities, Weirdness & Mutations

You are small and have problems with some larger weapons.
You are somewhat resistant to further mutation.


Message History

Your base attributes are Str 13, Int 11, Dex 14.
Increase (S)trength, (I)ntelligence, or (D)exterity?
You feel stronger.
You regained 2 hp, and now have 12/41 hp.
MP restored: 8 You start resting.
All of the chunks of flesh in your inventory have rotted away.
An orc comes into view. It is wielding a dagger.
You regained 6 hp, and now have 18/41 hp.
Unknown command.
The orc shouts!
You are too injured to fight recklessly!
You are too injured to fight recklessly!
The orc hits you with a dagger.
You take 1 damage, and have 17/41 hp.
You puncture the orc!
You kill the orc!
You see here a dagger.
You start resting.
An adder comes into view.
You regained 2 hp, and now have 19/41 hp.
Unknown command.
Okay, then.
Unknown command.
You start resting.
A frilled lizard comes into view.
Unknown command.
Found an escape hatch in the floor.
You are too injured to fight recklessly!
You are too injured to fight recklessly!
The frilled lizard hisses angrily.
The frilled lizard barely misses you.
The frilled lizard bites you but does no damage.
You barely miss the frilled lizard. The frilled lizard closely misses you.
You puncture the frilled lizard!
You kill the frilled lizard!
An adder is nearby!
You are too injured to fight recklessly!
You are too injured to fight recklessly!
You are too injured to fight recklessly!
You are too injured to fight recklessly!
You are too injured to fight recklessly!
You strike the helpless adder from behind!
You puncture the adder! The adder misses you. The adder closely misses you.
You miss the adder. The adder barely misses you.
You hit the adder.
You kill the adder!
Your Translocations skill increases to level 1!
You start resting.
Grinder comes into view.
You regained 6 hp, and now have 30/41 hp.
You draw a card...
It is Wild Magic.
Venomous gases pour from Grinder's claws!
You feel a surge of magic.
Grinder shouts!
You draw a card...
It is Vitriol.
The deck of cards disappears without a trace.
You have drawn Vitriol.
Aim: Grinder The glob of acid hits Grinder.
Grinder is splashed with acid.
The acid corrodes Grinder!
Unknown command.
Okay, then.
Unknown command.
You draw a card...
It is Velocity.
Grinder seems to speed up.
You draw a card...
It is the Shaft.
A shaft materialises beneath you! Grinder gestures at you.
You suddenly lose the ability to move!
Grinder blinks!
Grinder says, "There's only one good use for a tongue: cutting it out."
Grinder gestures at you.
You shrug off the repeated paralysis!
Grinder gestures at you. Pain shoots through your body!
Grinder blinks!
You can move again.
You take 5 damage, and have 26/41 hp.
You draw a card...
It is the Shaft.
Nothing appears to happen.
You draw a card...
It is the Cloud.
Clouds appear around you!
Grinder blinks!
You draw a card...
It is the Tomb.
Walls emerge from the floor!
The walls disappear prematurely!
You draw a card...
It is the Shaft.
A shaft materialises beneath you! Grinder gestures at you.
You suddenly lose the ability to move!
You can move again.
Grinder blinks!
Grinder blinks!
There is a shaft here.
You draw a card...
It is the Cloud.
Clouds appear around you! Grinder hits you.
You writhe in agony.
You take 6 damage, and have 21/41 hp.
There is a shaft here.
Grinder hits you.
You writhe in agony.
You take 8 damage, and have 13/41 hp.
You draw a card...
It is the Cloud.
The deck of cards disappears without a trace.
Clouds appear around you! Grinder hits you!
* * * LOW HITPOINT WARNING * * *
You writhe in agony.
You die...
Your body disappears without a glow.

*,,,............#
*,,.............#
***************,.........†....#
,,,,,,,,,,,,,.*,..............#
****,**,*****.,,,.............#
,,**,**,* *#.*,............##
*,**,,*,*** #.##...........##
*,,,,,,,,.####.#..#.#.....###
*****,,,,......§@##...###.#
,,,,,,,,,......§5§........#
,,,,,,,,*##....§§§#...##..#
,,,,,,,,* ##......#..###..##
,,,,,,,,* #..§§§^.........#
,,,,,,,,***#..§.§...#.####.#
,,,,,,,,,,....§§§...#.# #.##
,,,,,,,,,##...........# #..#
,,,,,**,,*#..........## ##.#


You could see Grinder.

Vanquished Creatures
  Crazy Yiuf (D:3)
  Jessica (D:3)
  6 adders
  An ooze (D:4)
  2 worms
  A dart slug (D:1)
  3 leopard geckos
  4 orcs
  A giant cockroach (D:1)
  6 goblins
  5 hobgoblins
  10 jackals
  6 kobolds
  A quokka (D:4)
  3 ball pythons (D:2)
  9 bats
  6 frilled lizards
  A jackal skeleton (D:4)
  5 rats
72 creatures vanquished.

Vanquished Creatures (collateral kills)
  Terence (D:3)
1 creature vanquished.

Grand Total: 73 creatures vanquished

Notes
Turn   | Place    | Note
-------+----------+-------------------------------------------
     0 | D:1      | mhoghedin the Halfling Skald began the quest for the Orb.
     0 | D:1      | Reached XP level 1. HP: 14/14 MP: 3/3
    51 | D:1      | Reached XP level 2. HP: 11/19 MP: 0/4
   228 | D:1      | Reached skill level 2 in Fighting
   299 | D:1      | Learned a level 2 spell: Song of Slaying
   575 | D:1      | Reached XP level 3. HP: 24/24 MP: 2/5
   707 | D:1      | Found a sparkling altar of Nemelex Xobeh.
  1147 | D:1      | Became a worshipper of Nemelex Xobeh the Trickster
  1198 | D:2      | Learned a level 2 spell: Shroud of Golubria
  1226 | D:2      | Received a gift from Nemelex Xobeh
  1309 | D:2      | Found a blossoming altar of Fedhas.
  1327 | D:2      | Reached XP level 4. HP: 29/29 MP: 6/6
  1336 | D:2      | Reached skill level 2 in Armour
  1585 | D:2      | Reached * piety under Nemelex Xobeh
  1597 | D:2      | Reached skill level 3 in Dodging
  1932 | D:3      | Found a glowing silver altar of Zin.
  1992 | D:3      | Noticed Terence
  2001 | D:3      | Killed Terence
  2001 | D:3      | Reached XP level 5. HP: 35/35 MP: 7/7
  2020 | D:3      | Found a faded altar of an unknown god.
  2184 | D:3      | Received a gift from Nemelex Xobeh
  2472 | D:3      | Found a runed door.
  2476 | D:3      | Noticed Crazy Yiuf
  2479 | D:3      | Killed Crazy Yiuf
  2479 | D:3      | Reached skill level 3 in Long Blades
  2644 | D:3      | Noticed Jessica
  2653 | D:3      | Killed Jessica
  2720 | D:4      | Noticed KristoblXynda's ghost (amateur DrGl)
  2843 | D:4      | Found a staircase to the Ecumenical Temple.
  3041 | D:4      | HP: 8/36 [adder (3)]
  3048 | D:4      | HP: 4/36 [adder (3)]
  3053 | D:4      | Reached XP level 6. HP: 12/41 MP: 8/8
  3162 | D:4      | Reached skill level 1 in Translocations
  3214 | D:4      | Noticed Grinder
  3217 | D:4      | Paralysed by Grinder for 7 turns
  3231 | D:4      | Paralysed by Grinder for 2 turns
  3239 | D:4      | HP: 3/41 [Grinder (10)]
  3239 | D:4      | Slain by Grinder

Vault maps used:
D:1:      arrival_zaba_pyramid, serial_glass, glass_columns_a, glass_columns_b,
          glass_columns_a, glass_columns_a, glass_columns_c, glass_columns_c,
          glass_columns_a, glass_columns_b, glass_columns_b, glass_columns_a,
          kennysheep_small_spiral, nemelex_xobeh_ov_fountains_minmay
D:2:      lemuel_crystal_altar, minmay_door_square
D:3:      nicolae_overflow_crystal_walls, chequers_ecumenical_altar_simple,
          first_ration, serial_bayou_ford_a, uniq_terence,
          uniq_crazy_yiuf_cottage, uniq_jessica
D:4:      minmay_temple_entry_statues_pillars, minmay_misc_feat_square,
          uniq_grinder

Skill      XL: |  1  2  3  4  5  6 |
---------------+-------------------+-----
Fighting       | 2 |  2.8
Armour         | 2 |  2.8
Dodging        | 3 |  3.4
Long Blades    | 3 |  3.2
Translocations | 1 |  1.0
Spellcasting   | |  1.5
Charms         | |  3.9

Action                   |  1- 3 |  4- 6 || total
-------------------------+-------+-------++-------
Melee: Falchion          |    51 |       ||    51
       Short sword       |    30 |   106 ||   136
 Cast: Infusion          |     7 |     8 ||    15
Evoke: Deck              |       |    13 ||    13
  Use: Scroll            |       |    11 ||    11
       Potion            |       |     1 ||     1
 Stab: Distracted        |       |     1 ||     1
  Eat: Ration            |     1 |     1 ||     2
       Chunk             |       |     1 ||     1
Armor: Leather armour    |    20 |    23 ||    43
Dodge: Dodged            |    84 |    95 ||   179
       Rpst.: Falchion   |    19 |       ||    19

Table legend:
 A = Spawn XP
 B = Non-spawn XP
 C = Spawn XP percentage of total XP
 D = Spawn monster count
 E = Non-spawn monster count
 F = Spawn count percentage of total count
 G = Total turns spent on level
                    A         B        C        D         E        F      G
               +---------+---------+-------+---------+---------+-------+---------
         Total |       0 |     297 |   0.0 |       0 |      73 |   0.0 |  3239
               +---------+---------+-------+---------+---------+-------+---------
           D:1 |       0 |      44 |   0.0 |       0 |      24 |   0.0 |  1171
           D:2 |       0 |      77 |   0.0 |       0 |      26 |   0.0 |   761
           D:3 |       0 |     118 |   0.0 |       0 |      10 |   0.0 |   905
           D:4 |       0 |      58 |   0.0 |       0 |      13 |   0.0 |   402
               +---------+---------+-------+---------+---------+-------+---------

Vault maps used:
D:1:      arrival_zaba_pyramid, serial_glass, glass_columns_a, glass_columns_b,
          glass_columns_a, glass_columns_a, glass_columns_c, glass_columns_c,
          glass_columns_a, glass_columns_b, glass_columns_b, glass_columns_a,
          kennysheep_small_spiral, nemelex_xobeh_ov_fountains_minmay
D:2:      lemuel_crystal_altar, minmay_door_square
D:3:      nicolae_overflow_crystal_walls, chequers_ecumenical_altar_simple,
          first_ration, serial_bayou_ford_a, uniq_terence,
          uniq_crazy_yiuf_cottage, uniq_jessica
D:4:      minmay_temple_entry_statues_pillars, minmay_misc_feat_square,
          uniq_grinder

Table legend:
 A = Turns spent in this place as a percentage of turns spent in the entire game.
 B = Non-inter-level travel turns spent in this place as a percentage of non-inter-level travel turns spent in the entire game.
 C = Inter-level travel turns spent in this place as a percentage of turns spent in this place.
 D = Turns resting spent in this place as a percentage of non-inter-level travel turns spent in this place.
 E = Turns spent auto-exploring this place as a percentage of non-inter-level travel turns spent in this place.
 F = Non-inter-level travel turns spent in this place divided by the number of levels of this place that you've seen.
                   A       B       C       D       E      F
               +-------+-------+-------+-------+-------+----------------------
         Total | 100.0 | 100.0 |   3.7 |  18.0 |  63.6 | 779.5
       Dungeon | 100.0 | 100.0 |   3.7 |  18.0 |  63.6 | 779.5
               +-------+-------+-------+-------+-------+----------------------

Table legend:
 A = Kills in this place as a percentage of kills in entire the game.
 B = Kills by you in this place as a percentage of kills by you in the entire game.
 C = Kills by friends in this place as a percentage of kills by friends in the entire game.
 D = Other kills in this place as a percentage of other kills in the entire game.
 E = Experience gained in this place as a percentage of experience gained in the entire game.
 F = Experience gained in this place divided by the number of levels of this place that you have seen.
                   A       B       C       D       E      F
               +-------+-------+-------+-------+-------+----------------------
         Total | 100.0 | 100.0 | 100.0 |   N/A | 100.0 |  74.2
       Dungeon | 100.0 | 100.0 | 100.0 |   N/A | 100.0 |  74.2
               +-------+-------+-------+-------+-------+----------------------
